 Dungeon Crawl Stone Soup version 0.20-a0-1127-g1289703 (webtiles) character file.

44 MTVSty1e the Grave Robber (level 3, 0/29 HPs)
             Began as a Demonspawn Necromancer on May 18, 2017.
             Slain by a hobgoblin (4 damage)
             ... on level 2 of the Dungeon.
             The game lasted 00:04:30 (1635 turns).

MTVSty1e the Grave Robber (Demonspawn Necromancer)  Turns: 1635, Time: 00:04:32

Health: 0/29       AC:  3    Str:  9    XL:     3   Next: 41%
Magic:  5/6        EV: 16    Int: 16    God:
Gold:   53         SH:  0    Dex: 13    Spells: 5/6 levels left

rFire    + . .     SeeInvis .   d - +0 dagger
rCold    + . .     Gourm    .   (no shield)
rNeg     . . .     Faith    .   a - +0 robe
rPois    .         Spirit   .   (helmet restricted)
rElec    .         Reflect  .   j - scarf {rC+ rF+}
rCorr    .         Harm     .   i - +0 pair of gloves
MR       .....                  (no boots)
Stlth    ++........             (no amulet)
Regen    0.1/turn               e - +4 ring of evasion
MPRegen  0.1/turn               (no ring)

@: lethally poisoned (0 -> 0)
A: horns 1, demonic guardian 1
a: no special abilities


You were on level 2 of the Dungeon.
You were not hungry.

You visited 1 branch of the dungeon, and saw 2 of its levels.

You collected 53 gold pieces.

Inventory:

Hand Weapons
 d - a +0 dagger (weapon)
Armour
 a - a +0 robe (worn)
 i - a +0 pair of gloves (worn)
 j - a scarf of resistance (worn)
Jewellery
 e - a +4 ring of evasion (left hand)
Scrolls
 f - a scroll of identify {unknown}
 h - a scroll of random uselessness {unknown}
 l - a scroll of enchant weapon {unknown}
 m - 2 scrolls of magic mapping {unknown}
 n - a scroll of remove curse {unknown}
Potions
 k - a potion of berserk rage {unknown}
Books
 b - a book of Necromancy

   Spells                             Type                      Level
   a - Pain                           Necromancy                   1
   b - Animate Skeleton               Necromancy                   1
   c - Vampiric Draining              Necromancy                   3
   d - Regeneration                   Charms/Necromancy            3
   e - Animate Dead                   Necromancy                   4
   f - Control Undead                 Necromancy                   4
Comestibles
 c - a bread ration
 g - 2 fruits


   Skills:
 * Level 3.1 Fighting
 - Level 1.7 Dodging
 - Level 1.7 Stealth
 - Level 2.0 Spellcasting
 - Level 4.3 Necromancy


You had 5 spell levels left.
You knew the following spells:

 Your Spells              Type           Power        Failure   Level  Hunger
a - Pain                  Necr           ###.         3%          1    #......


Dungeon Overview and Level Annotations

Branches:
Dungeon (2/15)

Altars:


Innate Abilities, Weirdness & Mutations

You have a pair of small horns on your head.
A weak demonic guardian rushes to your aid.


Message History

Your Fighting skill increases to level 3!
You feel sick.
You start resting.
You feel sick. x5
A hobgoblin comes into view.
A hobgoblin is nearby!
A hobgoblin is nearby!
You feel sick.
The hobgoblin shouts!
You closely miss the hobgoblin.
You feel sick. The hobgoblin barely misses you.
You hit the hobgoblin but do no damage. The hobgoblin completely misses you.
You hit the hobgoblin.
The hobgoblin is lightly wounded.
The hobgoblin misses you.
You closely miss the hobgoblin. Your headbutt misses the hobgoblin.
The hobgoblin is lightly wounded.
The hobgoblin barely misses you.
You hit the hobgoblin.
The hobgoblin is severely wounded.
You feel sick. The hobgoblin hits you.
You die...

#.# #........ ##
#.###.#.##### . #.......#
#.### #####.### #.#.# #.#
#.... #.####### #.#(# #
#.##..... #.#.####.#
#.##.#### #....g@..#
#.....# # ##..######
##.#..###
###...###########.....##.
#........................
###...###########........
##..# ##....... ##.#
#.#####. #.. #.# #. ###
#)# #.


You could see a hobgoblin.

Vanquished Creatures
  An adder (D:2)
  A worm (D:2)
  2 dart slugs (D:1)
  5 bats (D:1)
  2 giant cockroaches (D:2)
  4 goblins (D:1)
  2 hobgoblins (D:1)
  4 kobolds
  2 ball pythons (D:1)
  3 rats
26 creatures vanquished.

Notes
Turn   | Place    | Note
-------+----------+-------------------------------------------
     0 | D:1      | MTVSty1e the Demonspawn Necromancer began the quest for the Orb.
     0 | D:1      | Reached XP level 1. HP: 13/13 MP: 3/3
   247 | D:1      | Reached skill level 1 in Fighting
   377 | D:1      | Gained mutation: A weak demonic guardian rushes to your aid. [demonic ancestry]
   377 | D:1      | Reached XP level 2. HP: 21/21 MP: 5/5
  1194 | D:2      | Gained mutation: You have a pair of small horns on your head. [demonic ancestry]
  1194 | D:2      | Reached XP level 3. HP: 18/28 MP: 6/6
  1635 | D:2      | Slain by a hobgoblin

Vault maps used:
D:1:      tarquinn_simple_flora_water_c
D:2:      nicolae_gozag_cash_rules_everything_around_me

Skill      XL: |  1  2  3 |
---------------+----------+-----
Fighting       | 1 2 3 |  3.1
Dodging        | |  1.7
Stealth        | |  1.7
Spellcasting   | |  2.0
Necromancy     | |  4.3

Action                   || total
-------------------------++-------
Melee: Dagger            ||   173
       Headbutt          ||     5
 Cast: Pain              ||     9
 Stab: Sleeping          ||     4
  Eat: Bread ration      ||     1
Armor: Robe              ||    35
Dodge: Dodged            ||   168
